[Event "Late-Titled-Tuesday-Blitz-June-25-2024"]
[Site "Chess.com"]
[Date "2024.06.25"]
[Round "5"]
[White "Gzucaritas"]
[Black "Dexter_Dyke"]
[Result "0-1"]
[WhiteElo "2042"]
[BlackElo "2517"]
[TimeControl "180+1"]
[EndTime "14:54:35 PDT"]
[Termination "Dexter_Dyke won by checkmate"]

1. e4 e6 2. d4 a6 3. Bd3 b5 4. Be3 Bb7 5. Ne2 Nf6 6. f3 d5 7.
e5 Nfd7 8. c3 c5 9. O-O Nc6 10.
f4 g6 11. Nd2 cxd4 12. cxd4 Qb6 13. Nf3 Be7 14. Rc1 O-O 15. Qe1 Rfc8 16. Qg3 Nb4 17.
Bb1 Rxc1 18. Rxc1 Rc8 19. a3 Rxc1+ 20. Nxc1 Nc6 21. Nb3 Bf8 22. Qe1 a5 23. Qc1 a4 24.
Nc5 Nxc5 25. dxc5 Qa5 26. Nd4 b4 27. Nxc6 Bxc6 28. Bd4 bxa3 29. bxa3 Qb5 30. h3 h5 31. Qc2 Qb3 32. Qxb3 axb3 33. Kf2 Be7 34. Ke2 Bb5+ 35. Kd2 Bf1 36. g3 Kf8 37. h4 Ke8 38. Bd3 Bxd3 39. Kxd3 Kd7 40. Kc3 Kc6 41. Kxb3 Bxc5 42. Kc3 Bxa3 43.
Bf2 Bc5 44. Bxc5 Kxc5 45. Kd3 d4 46. Kd2 Kc4 47. Kc2 d3+ 48. Kd2 Kd4 49. Kd1 Ke3 50.
Ke1 d2+ 51. Kd1 Kd3 52. g4 hxg4 53. h5 gxh5 54. f5 g3 55. fxe6 g2 56. exf7 g1=Q# 0-1

[Event "Late-Titled-Tuesday-Blitz-June-25-2024"]
[Site "Chess.com"]
[Date "2024.06.25"]
[Round "5"]
[White "PapaieDudu"]
[Black "albi1999"]
[Result "0-1"]
[WhiteElo "2458"]
[BlackElo "2642"]
[TimeControl "180+1"]
[EndTime "14:54:36 PDT"]
[Termination "albi1999 won by resignation"]

1. Nf3 g6 2. d4 Bg7 3. c4 e6 4.
Nc3 Ne7 5. Bg5 h6 6. Bh4 O-O 7. e4 g5 8. Bg3 d5 9. Bd3 Nbc6 10. e5 dxc4 11. Bxc4 Nf5 12. Ne2 g4 13. Nd2 Ncxd4 14. O-O h5 15. Ne4 Nc6 16. Qa4 Nxe5 17. Nf4 h4 18.
Rad1 Qe7 19. Nh5 hxg3 20. Nxg7 gxh2+ 21. Kh1 Kxg7 22. Be2 Bd7 23. Qb3 Bc6 24. Qc3 f6 25. Ng3 Rad8 26. b4 Nh4 27. Nh5+ Kg8 28. f3 gxf3 29.
gxf3 Rxd1 30. Bxd1 Qf7 31. Nf4 Kh8 32. Rf2 Neg6 33.
Nh5 e5 34. Rxh2 Qd5 35. Be2 Qd4 36. Qc1 Kg8 37. Qh6 Qa1+ 0-1

[Event "Late-Titled-Tuesday-Blitz-June-25-2024"]
[Site "Chess.com"]
[Date "2024.06.25"]
[Round "5"]
[White "AryanTari"]
[Black "Hikaru"]
[Result "1-0"]
[WhiteElo "3035"]
[BlackElo "3219"]
[TimeControl "180+1"]
[EndTime "14:54:39 PDT"]
[Termination "AryanTari won by resignation"]

1. e4 e6 2. d4 d5 3. Nc3 Bb4 4. e5 b6 5. a3 Bf8 6. Bb5+ c6 7.
Ba4 Bd7 8. Nce2 c5 9. Bxd7+ Qxd7 10. c3 Nc6 11. f4 c4 12. Nf3 Na5 13. Be3 Ne7 14. Nd2 b5 15. Bf2 Nc8 16. g4 h5 17.
gxh5 Rxh5 18. h4 Nb6 19. Ng3 Rh8 20. h5 Na4 21. Qc2 O-O-O 22. Ke2 f5 23. Rag1 Qf7 24. Nf3 Be7 25. Ng5 Bxg5 26. fxg5 f4 27. g6 Qe7 28. Nf5 exf5 29. Bh4 Qe6 30. Bxd8 Kxd8 31. Rg5 f3+ 32. Kxf3 Nc6 33. Qxf5 Kd7 34. h6 Ne7 35. Qf7 Nxb2 36. hxg7 Rxh1 37. g8=Q Rf1+ 38. Kg2 Rxf7 39.
gxf7 Nd1 40. f8=N+ 1-0

[Event "Late-Titled-Tuesday-Blitz-June-25-2024"]
[Site "Chess.com"]
[Date "2024.06.25"]
[Round "5"]
[White "Fandorine"]
[Black "Maus7"]
[Result "1-0"]
[WhiteElo "2916"]
[BlackElo "2667"]
[TimeControl "180+1"]
[EndTime "14:54:39 PDT"]
[Termination "Fandorine won on time"]

1. d4 Nf6 2. c4 e6 3. g3 Bb4+ 4. Nd2 O-O 5. Bg2 d6 6. Nf3 Qe7 7. O-O c5 8. Nb3 cxd4 9. Nfxd4 Rd8 10. Qc2 Bc5 11. Nxc5 dxc5 12. Nb3 Nc6 13. Bxc6 bxc6 14. Be3 e5 15. Bxc5 Qe6 16. f3 e4 17. Rad1 Re8 18.
Nd4 Qe5 19. b4 exf3 20. Rxf3 Bd7 21. Rdd3 Ne4 22. Rfe3 Qh5 23. Nb3 Bg4 24. Qd1 Nxc5 25. Rxe8+ Rxe8 26. Nxc5 Bxe2 27. Rd8 Qe5 28. Qd4 Qxd4+ 29.
Rxd4 f6 30. Kf2 h5 31. h3 Re7 32. Ne4 f5 33. Ng5 g6 34. a3 Kg7 35. h4 Bg4 36. Rd6 Re2+ 37. Kf1 Ra2 38. Rxc6 1-0

[Event "Late-Titled-Tuesday-Blitz-June-25-2024"]
[Site "Chess.com"]
[Date "2024.06.25"]
[Round "5"]
[White "ShimogaTactician"]
[Black "chesspingvin1995"]
[Result "0-1"]
[WhiteElo "2516"]
[BlackElo "2255"]
[TimeControl "180+1"]
[EndTime "14:54:40 PDT"]
[Termination "chesspingvin1995 won by resignation"]

1. Nf3 c5 2. c4 Nc6 3. Nc3 e5 4. e3 d6 5. d4 exd4 6. exd4 Bg4 7. Be2 Bxf3 8. Bxf3 Nxd4 9. O-O Be7 10. Bxb7 Rb8 11. Bd5 Nf6 12. Be3 Nxd5 13. Nxd5 Ne6 14. b3 O-O 15.
Qd3 Bf6 16. Rad1 Bd4 17. Kh1 Qa5 18. Qd2 Qxd2 19. Rxd2 Rfe8 20. g3 f6 21. Kg2 Kf7 22.
Rfd1 a5 23. Bxd4 Nxd4 24. Nc3 Re6 25. h4 h5 26. f3 Rbe8 27. Ne4 Kf8 28. Rxd4 cxd4 29.
Rxd4 Ke7 30. Rd5 Re5 31. Rd4 a4 32. Nxd6 Ra8 33. b4 Re2+ 34. Kh3 Rxa2 35. c5 Rc2 36. Nb5 a3 37. Re4+ Kd7 38. Re1 a2 39. Ra1 Rb2 40. Nd4 Rb1 41. c6+ Kd6 42. Nc2 Rxa1 43. Nxa1 Kxc6 0-1

[Event "Late-Titled-Tuesday-Blitz-June-25-2024"]
[Site "Chess.com"]
[Date "2024.06.25"]
[Round "5"]
[White "Rodalquilar"]
[Black "Bykov_Egor"]
[Result "1-0"]
[WhiteElo "2833"]
[BlackElo "2617"]
[TimeControl "180+1"]
[EndTime "14:54:41 PDT"]
[Termination "Rodalquilar won on time"]

1. d4 Nf6 2. Nf3 g6 3. Bf4 Bg7 4. e3 O-O 5. Be2 d6 6. O-O b6 7. h3 Bb7 8. Bh2 Re8 9. a4 a6 10. Nbd2 Nc6 11. e4 e5 12. d5 Nb8 13. a5 Nbd7 14. axb6 cxb6 15. b4 Nh5 16. Re1 Nf4 17. Bf1 f5 18. Ra3 Nf6 19. c4 fxe4 20. Nxe4 Nxe4 21.
Rxe4 Qf6 22. Qe1 g5 23. Qe3 b5 24. Qb6 Reb8 25. Bxf4 gxf4 26. Qc7 bxc4 27. Bxc4 Bf8 28.
Re1 Bc8 29. Qa5 Bf5 30. Nd2 Qg6 31. Bf1 e4 32. Qa4 Bg7 33. Qd1 Rxb4 34. Nc4 f3 35. Na5 fxg2 36. Bxg2 Be5 37. Nc6 1-0

[Event "Late-Titled-Tuesday-Blitz-June-25-2024"]
[Site "Chess.com"]
[Date "2024.06.25"]
[Round "5"]
[White "Yurovskykh_Oleksandr"]
[Black "Akhayan"]
[Result "1/2-1/2"]
[WhiteElo "2614"]
[BlackElo "2413"]
[TimeControl "180+1"]
[EndTime "14:54:41 PDT"]
[Termination "Game drawn - insufficient material"]

1. d4 Nf6 2. Nf3 g6 3. Bg5 Bg7 4. Nbd2 d5 5. e3 O-O 6. Be2 Ne4 7. Nxe4 dxe4 8. Nd2 c5 9. c3 cxd4 10. exd4 h6 11. Be3 f5 12. g3 Kh7 13. f3 exf3 14.
Nxf3 Nc6 15. O-O e5 16. dxe5 Nxe5 17. Nxe5 Bxe5 18. Qxd8 Rxd8 19. Rad1 Be6 20. a3 b6 21.
Rxd8 Rxd8 22. Rd1 Rxd1+ 23. Bxd1 g5 24. Kf2 Kg6 25. Bc2 Kf6 26. Bd2 Bd6 27. Be3 Be5 28.
a4 f4 29. gxf4 gxf4 30. Bd2 Bd5 31. b3 Kg5 32. b4 Kg4 33. a5 bxa5 34. bxa5 Bc7 35.
Bd1+ Kh3 36. Bf3 Bxf3 37. Kxf3 Bxa5 38. Bxf4 Bxc3 39. Bxh6 Kxh2 40. Bf8 Kg1 41. Ke2 Kg2 42. Kd3 Be5 43. Kc4 Kf3 44. Bc5 a6 45. Kb4 Bc7 46.
Ka4 Ke4 47. Bb4 Kd5 48. Ba5 Bd6 49. Bb4 Be5 50. Ka5 Bd6 51. Kxa6 1/2-1/2

[Event "Late-Titled-Tuesday-Blitz-June-25-2024"]
[Site "Chess.com"]
[Date "2024.06.25"]
[Round "5"]
[White "Grossboss19"]
[Black "arnoldpetra"]
[Result "1-0"]
[WhiteElo "2617"]
[BlackElo "2442"]
[TimeControl "180+1"]
[EndTime "14:54:41 PDT"]
[Termination "Grossboss19 won on time"]

1. c4 d6 2. Nc3 c6 3. d4 g6 4. g3 Bg7 5. Bg2 Be6 6. b3 Qb6 7. e3 Nf6 8. Bb2 O-O 9. Nge2 Bg4 10. O-O Bxe2 11. Qxe2 a5 12. Rad1 Na6 13. e4 e5 14.
Na4 Qc7 15. f4 exd4 16. Bxd4 Rfe8 17. Qb2 Nh5 18. Rd2 Bxd4+ 19. Qxd4 Rad8 20. Rfd1 Ng7 21. Qb6 Qxb6+ 22. Nxb6 Nc5 23. e5 Nf5 24. exd6 Ne3 25. Re1 Nxg2 26. Rxe8+ Rxe8 27. Kxg2 Rd8 28. Rd1 f5 29. h3 Kf7 30. g4 Ne4 31. d7 h5 32.
Kf3 hxg4+ 33. hxg4 Nc5 34. gxf5 gxf5 35. Kg3 Ne4+ 36.
Kh2 Ke6 37. Rg1 Rh8+ 38. Kg2 Rg8+ 39. Kf3 Rxg1 40. d8=Q Rg3+ 41. Ke2 Rg2+ 42. Kf1 Rf2+ 43. Ke1 Rxa2 44. Qe8+ Kd6 45. Qf8+ Kc7 46. Na8+ 1-0

[Event "Late-Titled-Tuesday-Blitz-June-25-2024"]
[Site "Chess.com"]
[Date "2024.06.25"]
[Round "5"]
[White "ALRS-SPS"]
[Black "HajiyevKanan"]
[Result "1/2-1/2"]
[WhiteElo "2446"]
[BlackElo "2603"]
[TimeControl "180+1"]
[EndTime "14:54:42 PDT"]
[Termination "Game drawn by repetition"]

1. e4 a6 2. Nf3 c6 3. Nc3 d5 4. d4 Bg4 5. Be2 e6 6. h3 Bh5 7. O-O Nf6 8. Bg5 Be7 9. e5 Nfd7 10.
Bxe7 Qxe7 11. Nd2 Bg6 12. Nb3 c5 13. dxc5 Nxe5 14. Na4 Nbd7 15. Qd4 Rc8 16. f4 Nc6 17. Qxg7 Qf6 18. Qxf6 Nxf6 19. Bd3 Nb4 20. Bxg6 hxg6 21. c3 Nc2 22. Rac1 Ne3 23. Nb6 Rc6 24. Rfe1 Nc4 25.
Nxc4 dxc4 26. Na5 Rc7 27. b4 Rh4 28. Nxc4 Rxf4 29. Rf1 Rxc4 30. Rxf6 a5 31. a3 Ke7 32.
Rf3 axb4 33. axb4 b6 34. cxb6 Rb7 35. Rd3 Rxb6 36. Rcd1 Rbc6 37. Rd7+ Ke8 38. Rd8+ Ke7 39. R1d7+ Kf6 40. Rf8 Rxc3 41. Rfxf7+ Ke5 42. Rg7 Rb3 43. Rxg6 Rxb4 44. Rd2 Kf5 45. Rg8 e5 46. Rf8+ Ke6 47. Re8+ Kf5 48. Rf2+ Rf4 49. Rf8+ Ke4 50. Re2+ Kd3 51. Rxf4 exf4 52. Rf2 Ke4 53. Kh2 Rg6 54. Rf3 Rh6 55. Ra3 Rh8 56. Ra4+ Ke3 57. Ra3+ Ke4 58.
Rf3 Rh7 59. Rb3 Rh6 60. Rb4+ Ke3 61. Rb3+ Ke4 62. Ra3 Rh7 63. Rb3 Rh6 1/2-1/2

[Event "Late-Titled-Tuesday-Blitz-June-25-2024"]
[Site "Chess.com"]
[Date "2024.06.25"]
[Round "5"]
[White "MatthewG-p4p"]
[Black "Root_21"]
[Result "1-0"]
[WhiteElo "2921"]
[BlackElo "2668"]
[TimeControl "180+1"]
[EndTime "14:54:46 PDT"]
[Termination "MatthewG-p4p won by checkmate"]

1. f4 f5 2. Nf3 g6 3. g3 Bg7 4. Bg2 Nf6 5. O-O O-O 6. d3 d6 7.
Nc3 Nbd7 8. e4 fxe4 9. dxe4 e5 10.
f5 Nc5 11. Nh4 Qe8 12. Bg5 gxf5 13. exf5 Ncd7 14. Nb5 Qd8 15. c4 a6 16. Nc3 Qe8 17. Qd2 Ra7 18. Bh6 Qh5 19. Bxg7 Kxg7 20. Rae1 Qh6 21.
Qf2 b6 22. h3 Bb7 23. Bxb7 Rxb7 24. Qg2 Rbb8 25. Nf3 Nh5 26. Nd5 Rbc8 27. Nd2 Kh8 28. g4 Ng7 29. g5 Qh5 30. f6 Ne6 31. Ne4 Ndc5 32. Ne7 Rce8 33. Nxc5 bxc5 34. Rf5 Rxe7 35. fxe7 Rxf5 36. Qa8+ Kg7 37. e8=Q Qxg5+ 38. Kh1 Qf6 39.
Rg1+ Kh6 40. Qe4 Rf3 41. Qg4 Rf5 42. Qeg8 Rf4 43. Q8xe6 Qxe6 44. Qxe6+ Kh5 45. Qe8+ Kh6 46. Qe7 Kh5 47. Qxh7# 1-0

[Event "Late-Titled-Tuesday-Blitz-June-25-2024"]
[Site "Chess.com"]
[Date "2024.06.25"]
[Round "5"]
[White "dosto07"]
[Black "ozates"]
[Result "0-1"]
[WhiteElo "2447"]
[BlackElo "2621"]
[TimeControl "180+1"]
[EndTime "14:54:46 PDT"]
[Termination "ozates won by resignation"]

1. e4 c5 2. Nf3 Nc6 3. Bb5 g5 4.
Nxg5 Nf6 5. Bxc6 dxc6 6. e5 Qd5 7. exf6 Qxg2 8. Qf3 Qxg5 9. fxe7 Bxe7 10. Nc3 Bg4 11. Qg3 Qh5 12. Rg1 Bf3 13. d3 O-O-O 14. Bf4 Bh4 15. Qg7 Rhe8+ 16. Kd2 Qf5 17. Bg5 Bxf2 18.
Rae1 Bxe1+ 19. Rxe1 Rxe1 20. Kxe1 Re8+ 21. Kd2 Bg4 22. Ne4 Rxe4 23. Qf8+ Kd7 24. Qd8+ Ke6 25. Qe7+ Kd5 26. dxe4+ Qxe4 27. c4+ Qxc4 28. Qxf7+ Be6 29. Qf3+ Qe4 30. Qxe4+ Kxe4 31. b3 c4 32. bxc4 Bxc4 33. a3 Be6 34. Be3 b6 35. Bf2 c5 36. Bg3 Kd4 37.
Kc2 Kc4 38. Kb2 b5 39. Bb8 a5 40. Be5 b4 41. Bf6 Kd3 42. Be7 Kc4 43. Bf6 Kb5 44. Bg7 Ka4 45. axb4 axb4 46. Bf8 c4 47. Be7 c3+ 48. Kc1 b3 49. Bd6 b2+ 50. Kc2 Bf5+ 51. Kxc3 b1=Q 0-1

[Event "Late-Titled-Tuesday-Blitz-June-25-2024"]
[Site "Chess.com"]
[Date "2024.06.25"]
[Round "5"]
[White "SaraBlackPanther"]
[Black "kinga2008"]
[Result "1-0"]
[WhiteElo "2743"]
[BlackElo "2534"]
[TimeControl "180+1"]
[EndTime "14:54:48 PDT"]
[Termination "SaraBlackPanther won by resignation"]

1. c4 e5 2. Nc3 Bb4 3. Nd5 a5 4. a3 Bc5 5. Nf3 c6 6. Nc3 d6 7. g3 Nf6 8. Bg2 O-O 9. O-O Re8 10. d4 exd4 11. Nxd4 Nbd7 12. Nb3 Qe7 13. Bf4 Ne5 14.
Nxc5 dxc5 15. b3 Bg4 16. Qc2 Ng6 17. Be3 Qe5 18. h3 Bf5 19. Qc1 Rad8 20. Ra2 Ne4 21. Nxe4 Bxe4 22. Bxe4 Qxe4 23. Bxc5 Qf5 24. Bb6 Ra8 25.
Kh2 c5 26. Qd2 a4 27. b4 cxb4 28. axb4 Ne5 29. Qd5 Qc8 30. Rc1 Ra6 31. Bd4 Nc6 32. Bc3 Ne7 33. Qb5 Rc6 34. c5 Qe6 35. Qxa4 Nd5 36.
Qb3 Rd8 37. Rd2 Rcc8 38. Rcd1 Re8 39. Qxd5 Qxd5 40. Rxd5 Rxe2 41. Rd8+ Re8 42. Rxe8+ Rxe8 43. Rd7 1-0

[Event "Late-Titled-Tuesday-Blitz-June-25-2024"]
[Site "Chess.com"]
[Date "2024.06.25"]
[Round "5"]
[White "betta2004"]
[Black "Mihajlovskij"]
[Result "1-0"]
[WhiteElo "2486"]
[BlackElo "2289"]
[TimeControl "180+1"]
[EndTime "14:54:49 PDT"]
[Termination "betta2004 won on time"]

1. Nf3 Nf6 2. b3 g6 3. Bb2 Bg7 4. e3 O-O 5. d4 b6 6. Nbd2 Bb7 7. Bd3 d6 8. Qe2 Nbd7 9. h4 h5 10. O-O-O Re8 11. Ng5 a5 12. f3 a4 13. b4 c5 14. b5 e5 15. Qf2 a3 16. Ba1 Qc7 17.
Nde4 d5 18. Nxf6+ Bxf6 19. Qg3 Rac8 20. Rhe1 Bg7 21. Nxf7 Kxf7 22. Qxg6+ Kf8 23. Qf5+ Ke7 24. Qh7 Rg8 25. dxe5 Nxe5 26. Bf5 Rcf8 27. f4 Rxf5 28. Qxg8 Rf7 29. fxe5 Bxe5 30. Qg5+ Ke6 31. Qg6+ Ke7 32. Qg5+ Ke6 33. Qg6+ Ke7 34. Rf1 Rg7 35. Qxg7+ Bxg7 36. Bxg7 Qg3 37. Bf8+ Ke8 38. Bh6 Qxh4 39. Rf8+ Ke7 40.
Rdf1 d4 41. R8f5 Be4 42. Bg5+ Ke6 43. Bxh4 Bxf5 44. exd4 1-0

[Event "Late-Titled-Tuesday-Blitz-June-25-2024"]
[Site "Chess.com"]
[Date "2024.06.25"]
[Round "5"]
[White "legendisback1"]
[Black "mishanick"]
[Result "1-0"]
[WhiteElo "3028"]
[BlackElo "3158"]
[TimeControl "180+1"]
[EndTime "14:54:50 PDT"]
[Termination "legendisback1 won by resignation"]

1. d4 Nf6 2. Bg5 d5 3. Nd2 c5 4.
dxc5 e6 5. e4 Bxc5 6. e5 Qb6 7.
exf6 Bxf2+ 8. Ke2 Bxg1 9. Rxg1 Qxg1 10. Ne4 g6 11. Nd6+ Kd7 12. Nxf7 Qxh2 13. Nxh8 Qh5+ 14. Kf2 Qxg5 15. Qf3 Qf5 16. Bb5+ Nc6 17. Qxf5 gxf5 18. Rh1 Kd6 19. Bxc6 bxc6 20. Rxh7 e5 21. f7 Be6 22. Ng6 Bxf7 23. Rxf7 Ke6 24. Rc7 Kd6 25. Rf7 Ke6 26.
Rb7 f4 27. b4 a5 28. b5 cxb5 29. Rb6+ Kf5 30. Ne7+ Ke4 31. Rxb5 Rd8 32. Rxa5 Rd7 33. Ra4+ d4 34. Nc6 Rc7 35. Rc4 Kd5 36. Nxe5 Rxc4 37. Nxc4 Kxc4 38. Ke2 Kc3 39. Kd1 d3 40. cxd3 Kxd3 41.
a4 Ke3 42. a5 Kf2 43. a6 Kxg2 44. a7 f3 45. a8=Q 1-0

[Event "Late-Titled-Tuesday-Blitz-June-25-2024"]
[Site "Chess.com"]
[Date "2024.06.25"]
[Round "5"]
[White "Jahonas"]
[Black "MKlose11"]
[Result "0-1"]
[WhiteElo "2444"]
[BlackElo "2624"]
[TimeControl "180+1"]
[EndTime "14:54:50 PDT"]
[Termination "MKlose11 won by resignation"]

1. d4 Nf6 2. c4 c5 3. d5 b5 4. e3 bxc4 5. Bxc4 g6 6. Ne2 d6 7.
O-O Bg7 8. Nbc3 O-O 9. b3 Ba6 10. Bxa6 Nxa6 11. Bb2 Qb6 12. Qd2 Nc7 13. Rab1 Rab8 14.
h3 Nb5 15. Nxb5 Qxb5 16. Nc3 Qa6 17. Rfd1 Nd7 18. Ne4 Bxb2 19. Rxb2 Rb4 20. Nc3 Nf6 21. Rdb1 Rfb8 22. Qc2 Qa3 23. e4 Nd7 24. Nd1 Ne5 25.
f4 Nd7 26. Ne3 Nf6 27. e5 Nh5 28. f5 Rd4 29. f6 exf6 30. exd6 Rd8 31. Nc4 Qa6 32. Rd1 Ng3 33. Rxd4 cxd4 34. Qf2 Nf5 35. Rd2 Kg7 36. g4 Nxd6 37. Qxd4 Nxc4 38. bxc4 Qa3 39. Kg2 h5 40. g5 Rd6 41. c5 Ra6 42. d6 h4 43.
Qxf6+ Kg8 44. Qf3 Qxc5 45. d7 Qxg5+ 46. Kh2 Qxd2+ 47. Qg2 Qxg2+ 48. Kxg2 Rxa2+ 0-1

[Event "Late-Titled-Tuesday-Blitz-June-25-2024"]
[Site "Chess.com"]
[Date "2024.06.25"]
[Round "5"]
[White "protectiago"]
[Black "PawnEatingZombie"]
[Result "0-1"]
[WhiteElo "2125"]
[BlackElo "2305"]
[TimeControl "180+1"]
[EndTime "14:54:50 PDT"]
[Termination "PawnEatingZombie won on time"]

1. d4 Nf6 2. c4 g6 3. Nc3 Bg7 4. e4 d6 5. Nf3 O-O 6. Be2 e5 7. Be3 exd4 8. Nxd4 Re8 9. Qc2 Nc6 10. Nxc6 bxc6 11. O-O c5 12. Rfe1 Bb7 13. Bf3 Nd7 14.
Rad1 Ne5 15. Be2 Qh4 16. g3 Qh3 17. f4 Ng4 18. Bxg4 Qxg4 19. Nd5 Bxd5 20. Rxd5 Rab8 21. b3 h5 22. Bf2 a5 23. e5 dxe5 24. fxe5 a4 25.
Bxc5 axb3 26. axb3 Qf3 27. Rd3 Qf5 28. Qe2 Rxe5 29.
Re3 Rxe3 30. Qxe3 h4 31. Rf1 Qc2 32. Qf3 f5 33. Qd5+ Kh7 34. b4 Re8 35. Qg2 Re2 36. Qh3 Qd2 37. Qxh4+ Kg8 38. b5 Rg2+ 39. Kh1 Rf2 40.
Rg1 Re2 41. Qe7 Rxe7 42. Bxe7 Qd3 43. Bg5 Qe2 0-1

[Event "Late-Titled-Tuesday-Blitz-June-25-2024"]
[Site "Chess.com"]
[Date "2024.06.25"]
[Round "5"]
[White "dennisodessa"]
[Black "artin10862"]
[Result "1/2-1/2"]
[WhiteElo "2670"]
[BlackElo "2899"]
[TimeControl "180+1"]
[EndTime "14:54:51 PDT"]
[Termination "Game drawn by repetition"]

1. d4 d5 2. c4 e6 3. Nc3 c6 4.
Nf3 Nf6 5. e3 a6 6. Bd2 Nbd7 7. b3 Bd6 8. Bd3 e5 9. dxe5 Nxe5 10.
Nxe5 Bxe5 11. h3 d4 12. exd4 Qxd4 13. Bc2 O-O 14. O-O Bxh3 15. gxh3 Rad8 16. Re1 Qxd2 17. Qxd2 Rxd2 18. Bxh7+ Kxh7 19. Rxe5 Re8 20. Rae1 Rxe5 21. Rxe5 Rc2 22. Ne4 Nxe4 23. Rxe4 Rxa2 24. Re7 b5 25. Rxf7 b4 26. Rc7 Ra3 27. Rxc6 Rxb3 28. Rxa6 Rxh3 29. Rb6 b3 30. c5 Rc3 31. c6 Kg6 32. c7+ Kf5 33. Rxb3 Rxc7 34. Kg2 Kf4 35. Rb4+ Kf5 36. Rb3 g5 37. Rb5+ Kg4 38. Rb4+ Kh5 39.
Rb8 Rc4 40. Rh8+ Kg4 41. Rf8 Rf4 42. Rd8 Kf5 43. Rd5+ Kg4 44. Ra5 Rc4 45. Rb5 Kf4 46. Ra5 Rd4 47. Ra8 Kg4 48. Rg8 Rf4 49. Rh8 Rf6 50.
Rg8 Kf4 51. Rb8 Re6 52. Rb4+ Kf5 53. Rb5+ Kg4 54. Rb4+ Kh5 55. Rb8 Re4 56. Rh8+ Kg6 57. Rg8+ Kf5 58. Rf8+ Kg6 59. Rg8+ Kf6 60. Rf8+ Kg7 61.
Ra8 Rb4 62. Rc8 Kg6 63. Rg8+ Kh5 64. Rh8+ Kg4 65. Rc8 Rb2 66. Rc4+ Kf5 67. Rc5+ Kg6 68. Rc4 Kh5 69. Rc5 Kh4 70. Rc8 g4 71. Rh8+ Kg5 72. Rg8+ Kf4 73. Rf8+ Kg5 74. Rg8+ Kh5 75. Rh8+ Kg5 76.
Rg8+ 1/2-1/2

[Event "Late-Titled-Tuesday-Blitz-June-25-2024"]
[Site "Chess.com"]
[Date "2024.06.25"]
[Round "5"]
[White "Durarbayli"]
[Black "Dr_troll"]
[Result "1-0"]
[WhiteElo "2960"]
[BlackElo "2681"]
[TimeControl "180+1"]
[EndTime "14:54:52 PDT"]
[Termination "Durarbayli won by resignation"]

1. e4 c6 2. d4 d5 3. exd5 cxd5 4. c4 Nc6 5. Nc3 Nf6 6. Nf3 Be6 7. c5 Bg4 8. Bb5 e6 9. Qa4 Bxf3 10. Bxc6+ bxc6 11. Qxc6+ Nd7 12. gxf3 Be7 13. Rg1 O-O 14. Bh6 Bf6 15.
O-O-O Rb8 16. Rxg7+ Bxg7 17. Rg1 Qf6 18. Bxg7 Qf4+ 19.
Kd1 Qxh2 20. Ne2 Rxb2 21. Bxf8+ Kxf8 22. Qxd7 Rb1+ 23. Kd2 Rxg1 24. Nxg1 Qxg1 25. Qd6+ Ke8 26. Qb8+ Ke7 27. Qc7+ Ke8 28. Qb8+ Ke7 29. Qxa7+ Kf6 30. Ke2 Qc1 31. Qa4 Qb2+ 32. Kd3 Qxf2 33. c6 Qxf3+ 34. Kc2 Qe2+ 35. Kc3 Qe3+ 36. Kb2 Qd2+ 37. Kb1 Qd3+ 38.
Kc1 Qf1+ 39. Kd2 h5 40. Qa7 h4 41. c7 Qc4 42. Qc5 Qxa2+ 43. Qc2 Qa5+ 44. Qc3 Qa2+ 45.
Ke3 Qg2 46. c8=Q Qg3+ 47. Ke2 Qg2+ 48. Ke3 Qg3+ 49. Kd2 Qf2+ 50. Kc1 Qg1+ 51. Kc2 h3 52. Qf3+ Ke7 53. Qc7+ 1-0

[Event "Late-Titled-Tuesday-Blitz-June-25-2024"]
[Site "Chess.com"]
[Date "2024.06.25"]
[Round "5"]
[White "Sasha_Solovev_777"]
[Black "josiur"]
[Result "1/2-1/2"]
[WhiteElo "2262"]
[BlackElo "2466"]
[TimeControl "180+1"]
[EndTime "14:54:52 PDT"]
[Termination "Game drawn by repetition"]

1. e4 c6 2. d4 d5 3. Nc3 dxe4 4.
Nxe4 Nf6 5. Nxf6+ exf6 6. c3 Bd6 7. Bd3 O-O 8. Qc2 Re8+ 9. Ne2 h5 10. h3 Nd7 11. O-O h4 12. Bd2 Nf8 13. Rae1 Bc7 14. Nf4 Ne6 15. Nh5 Qd6 16. f4 Bd7 17. Bc1 Qd5 18.
f5 Ng5 19. Qf2 Bg3 20. Nxg3 hxg3 21. Qxg3 c5 22. h4 Ne4 23. Bxe4 Rxe4 24. Bh6 g6 25. fxg6 Rg4 26. Qf3 Qxf3 27. gxf7+ Kxf7 28. Rxf3 Rag8 29. Bg5 R8xg5 30. hxg5 Rxg5 31. dxc5 Bc6 32. Rf2 Rxc5 33. Ref1 Rg5 34. Rxf6+ Ke7 35. R6f2 Kd6 36. Rd1+ Kc7 37. Rdd2 a5 38. b3 Kb6 39. c4 Kc5 40. Kf1 Kb4 41. Rf4 a4 42. bxa4 Kxa4 43. g4 Kb4 44. Kf2 Kc3 45. Re2 Kd3 46. Re3+ Kd2 47. Re2+ Kd3 48. Re3+ Kd2 49. Rg3 Re5 50. g5 Re2+ 51. Kf1 Re1+ 52. Kf2 Re2+ 53. Kf1 Re1+ 54. Kf2 Re2+ 1/2-1/2

[Event "Late-Titled-Tuesday-Blitz-June-25-2024"]
[Site "Chess.com"]
[Date "2024.06.25"]
[Round "5"]
[White "campochess"]
[Black "Heliosis11"]
[Result "0-1"]
[WhiteElo "2220"]
[BlackElo "2429"]
[TimeControl "180+1"]
[EndTime "14:54:52 PDT"]
[Termination "Heliosis11 won by checkmate"]

1. Nf3 c5 2. e4 e6 3. c3 Nf6 4. Bd3 Nc6 5. O-O d5 6. exd5 exd5 7. Bb5 Be7 8. Ne5 Bd7 9. Bxc6 Bxc6 10. d4 c4 11.
Nxc6 bxc6 12. Nd2 O-O 13. Nf3 Ne4 14. Re1 f5 15. Ne5 Qc8 16. f3 Nf6 17. Nxc6 Qxc6 18. Rxe7 Rfe8 19. Qe2 Rxe7 20. Qxe7 Re8 21. Qxa7 Re1+ 22.
Kf2 Qe6 23. Bh6 Qe2+ 24. Kg3 gxh6 25. Rxe1 Qxe1+ 26. Kf4 Qe6 27. Qb8+ Kg7 28. Qe5 Kf7 29. Qxf5 Qe2 30. Qh3 Qxb2 31. g4 Qxc3 32. Ke5 Qe3+ 33. Kd6 Qe6+ 34. Kc5 Nd7+ 35. Kb4 Qe1+ 36. Kb5 Qb1+ 37.
Kc6 Nf6 38. Qxh6 Qxa2 39. Qf4 Qa6+ 40. Kc7 Ke7 41. Qe5+ Qe6 42. Qg5 Qd6+ 43. Kb7 Qd7+ 44. Kb6 Qe6+ 45. Kb7 c3 46. Qf4 c2 47. g5 Nd7 48. Qd2 Qb6+ 49. Kc8 Qb8# 0-1

[Event "Late-Titled-Tuesday-Blitz-June-25-2024"]
[Site "Chess.com"]
[Date "2024.06.25"]
[Round "5"]
[White "evgchess5"]
[Black "Jagerrmeisterr"]
[Result "0-1"]
[WhiteElo "2883"]
[BlackElo "2670"]
[TimeControl "180+1"]
[EndTime "14:54:54 PDT"]
[Termination "Jagerrmeisterr won on time"]

1. e4 c6 2. d4 d5 3. e5 Bf5 4. h4 h5 5. c4 e6 6. Nc3 Ne7 7. Bg5 dxc4 8. Bxc4 Nd7 9. Nge2 Nb6 10. Bb3 Qd7 11. O-O Ned5 12. Ng3 Nxc3 13. bxc3 Bg6 14.
f4 Nd5 15. Qf3 Ba3 16. Rad1 b5 17. f5 exf5 18. Nxf5 Bxf5 19. Qxf5 Qxf5 20. Rxf5 O-O 21. Bd2 Rad8 22. Rf3 Be7 23. g3 a5 24. a4 b4 25. c4 Nb6 26. Be3 Nd7 27. c5 Kh8 28. Rdf1 f6 29. e6 Nb8 30. Kf2 Na6 31. Ke2 Nc7 32.
Rf4 Nd5 33. Rf5 g6 34. Bxd5 cxd5 35. R5f2 Rc8 36. Kd3 Rc6 37. Bf4 Kg7 38. Re2 Ra8 39. Rd1 Raa6 40. Rde1 Ra8 41. Kc2 Re8 42. Kb3 Bd8 43.
Bd6 Be7 44. Bf4 g5 45. hxg5 fxg5 46. Bd2 Bf6 0-1

[Event "Late-Titled-Tuesday-Blitz-June-25-2024"]
[Site "Chess.com"]
[Date "2024.06.25"]
[Round "5"]
[White "Slovineanu"]
[Black "s-dshubin"]
[Result "1-0"]
[WhiteElo "2549"]
[BlackElo "2319"]
[TimeControl "180+1"]
[EndTime "14:54:54 PDT"]
[Termination "Slovineanu won by resignation"]

1. d4 d5 2. Nf3 Nf6 3. c4 e6 4. e3 c6 5. Nbd2 Bd6 6. Bd3 dxc4 7. Nxc4 b5 8. Nxd6+ Qxd6 9. Bd2 Nbd7 10. O-O O-O 11.
Qc2 Bb7 12. b4 e5 13. dxe5 Nxe5 14. Nxe5 Qxe5 15. Bc3 Qe7 16. Bxf6 Qxf6 17. Bxh7+ Kh8 18. Be4 Rfe8 19. Bf3 a5 20. bxa5 Rxa5 21. Rfd1 Rea8 22. h3 Qe5 23. Bxc6 Bxc6 24. Qxc6 Rxa2 25. Qxa8+ Rxa8 26. Rxa8+ Kh7 27. Rb1 Qe4 28. Raa1 b4 29. Rb3 Qe5 30. Rab1 f5 31. Rxb4 Qd5 32. Rb5 Qd3 33. Rb7 Kh6 34. R1b6+ g6 35. Rb1 Qd2 36. g3 Qe2 37. h4 Qf3 38.
R7b6 Qe4 39. Rc1 Kh5 40. Rd6 Qf3 41. Rd4 Kh6 42. Rf4 Qd5 43. Re1 Qd2 44. Kf1 Qd3+ 45. Kg2 Qd2 46. Rb1 Qd5+ 47. Kg1 Qd3 48. Rbb4 Qd1+ 49.
Kg2 Qd2 50. Rbd4 Qc3 51. Kh2 Qb2 52. Rd6 Qe2 53. Rxf5 Qd2 54. Rxd2 1-0